 Dungeon Crawl Stone Soup version 0.20.1-1-g8b1a95d (webtiles) character file.

287 Kingsmith the Blocker (level 6, -2/51 HPs)
             Began as a Minotaur Fighter on Dec 7, 2017.
             Killed by divine providence
             ... invoked by an orc priest
              (16 damage)
             ... on level 4 of the Dungeon.
             The game lasted 00:02:58 (2400 turns).

Kingsmith the Blocker (Minotaur Fighter)            Turns: 2400, Time: 00:02:59

Health: -2/51      AC:  8    Str: 22    XL:     6   Next: 8%
Magic:  5/5        EV:  8    Int:  5    God:
Gold:   146        SH: 11    Dex: 10    Spells: 5/5 levels left

rFire    . . .     SeeInvis .   a - +0 trident
rCold    . . .     Gourm    .   c - +0 shield
rNeg     . . .     Faith    .   b - +0 scale mail
rPois    .         Spirit   .   (helmet restricted)
rElec    .         Reflect  .   (no cloak)
rCorr    .         Harm     .   (no gloves)
MR       .....                  m - +0 pair of boots
Stlth    ..........             (no amulet)
Regen    0.2/turn               (no ring)
MPRegen  0.1/turn               (no ring)

@: no status effects
A: retaliatory headbutt, horns 2
a: no special abilities


You were on level 4 of the Dungeon.
You were not hungry.

You visited 1 branch of the dungeon, and saw 4 of its levels.

You collected 146 gold pieces.

Inventory:

Hand Weapons
 a - a +0 trident (weapon)
Armour
 b - a +0 scale mail (worn)
 c - a +0 shield (worn)
 m - a +0 pair of boots (worn)
 q - a +0 plate armour
 s - a cursed +0 leather armour
Jewellery
 p - an uncursed ring of see invisible {unknown}
Wands
 l - a wand of random effects (18/48)
Scrolls
 e - 2 scrolls of remove curse
 g - a scroll of recharging {unknown}
 i - a scroll of teleportation
 k - a scroll of identify {unknown}
 o - a scroll of magic mapping
Potions
 d - 2 potions of might
 j - a potion of agility {unknown}
 r - a potion of flight {unknown}
 t - a potion of heal wounds {unknown}
Comestibles
 f - 5 bread rations
 h - 2 royal jellies
 n - 2 meat rations
 u - 4 chunks of flesh


   Skills:
 - Level 3.6 Fighting
 - Level 2.4 Polearms
 + Level 4.1 Armour
 - Level 8.0 Shields


You had 5 spell levels left.
You didn't know any spells.

Dungeon Overview and Level Annotations

Branches:
Dungeon (4/15)
 Temple: D:4-7

Altars:
Gozag
Uskayaw
Xom


Innate Abilities, Weirdness & Mutations

You reflexively headbutt those who attack you in melee.
You have a pair of horns on your head.


Message History

The orc barely misses you. The orc blocks your attack.
Your headbutt misses the orc. You block the orc's attack.
The orc priest calls down the wrath of Beogh upon you.
Beogh smites you!
You closely miss the orc. You block the orc's attack.
You hit the orc.
The orc is moderately wounded.
The orc hits you with a war axe.
You puncture the orc!
You kill the orc!
Your shield and scale mail prevent you from hitting the orc priest.
You headbutt the orc priest!
The orc priest is heavily wounded.
The orc priest calls down the wrath of Beogh upon you.
Pain shoots through your body!
* * * LOW HITPOINT WARNING * * *
The orc priest invokes the aid of Beogh against you.
Beogh smites you!
You die...

*,*****,**
#..,..........††
*,*****,*
#.####.#.##..##.
*,,,,,,,*
#........##..##.
*********
#.####.##....##.
#.####.##.##.##.
#......##.##.##.
###.####.......##.
#...# #.......###
#@### #.......# #
**#o#*** #.......#
# *,.o.,,*
#.......# #
*.#.##,* #.......#
# #.#..*,*
*.......* #
#,##.*,* *********
*,**.*,****
*,,,..,**,********
****,***,,,,,,,,,*


You could see 2 orc priests.

Vanquished Creatures
  A hound (D:4)
  Jessica (D:2)
  Natasha (thrice) (D:3)
  An orc wizard (D:4)
  Robin (D:3)
  2 adders (D:3)
  An ooze (D:1)
  2 worms (D:3)
  A dart slug (D:1)
  3 leopard geckos
  7 orcs
  A ball python (D:2)
  6 bats
  A giant cockroach (D:1)
  21 goblins
  8 hobgoblins
  8 jackals
  A quokka (D:2)
  2 frilled lizards
  3 kobolds
  3 rats
77 creatures vanquished.

Notes
Turn   | Place    | Note
-------+----------+-------------------------------------------
     0 | D:1      | Kingsmith the Minotaur Fighter began the quest for the Orb.
     0 | D:1      | Reached XP level 1. HP: 19/19 MP: 0/0
    67 | D:1      | Reached skill level 4 in Shields
   165 | D:1      | Reached XP level 2. HP: 26/26 MP: 1/1
   660 | D:1      | Reached skill level 5 in Shields
   943 | D:2      | Reached XP level 3. HP: 31/31 MP: 2/2
  1033 | D:2      | Noticed Jessica
  1044 | D:2      | Killed Jessica
  1268 | D:2      | Reached XP level 4. HP: 39/39 MP: 3/3
  1446 | D:3      | Noticed Robin
  1453 | D:3      | Reached skill level 6 in Shields
  1475 | D:3      | Killed Robin
  1674 | D:3      | Noticed Natasha
  1684 | D:3      | Killed Natasha
  1684 | D:3      | Reached XP level 5. HP: 38/45 MP: 4/4
  1695 | D:3      | Reached skill level 7 in Shields
  1783 | D:3      | Found a stormy altar of Qazlal.
  1785 | D:3      | Found a deep blue altar of Sif Muna.
  1785 | D:3      | Found a shimmering altar of Xom.
  1787 | D:3      | Found a shimmering altar of Xom.
  1787 | D:3      | Found an opulent altar of Gozag.
  1787 | D:3      | Found a hide-covered altar of Uskayaw.
  1861 | D:3      | Noticed Natasha
  1877 | D:3      | Killed Natasha
  2030 | D:3      | Noticed Natasha
  2039 | D:3      | Killed Natasha
  2361 | D:4      | Reached skill level 8 in Shields
  2392 | D:4      | Reached XP level 6. HP: 49/51 MP: 5/5
  2400 | D:4      | Killed from afar by an orc priest

Skill      XL: |  1  2  3  4  5 |
---------------+----------------+-----
Shields        | 4 5 6 8 |  8.0
Armour         | 4 |  4.1
Fighting       | |  3.6
Polearms       | |  2.4

Action                   |  1- 3 |  4- 6 || total
-------------------------+-------+-------++-------
Melee: Trident           |    75 |   141 ||   216
       Headbutt          |     7 |    26 ||    33
  Use: Scroll            |       |     3 ||     3
  Eat: Chunk             |     1 |     4 ||     5
Armor: Scale mail        |    10 |    63 ||    73
Dodge: Dodged            |    19 |    43 ||    62
Block: Shield            |    24 |    89 ||   113
